 Dungeon Crawl Stone Soup version 0.31-a0-187-gba352fbbf7 (webtiles) character file.

Game seed: 9288897680368551948

93 qw the Shooter (level 4, 0/25 HPs)
             Began as a Deep Elf Hunter on June 22, 2023.
             Slain by Pargi (1 damage)
             ... in a sewer.
             The game lasted 00:00:38 (1526 turns).

qw the Shooter (Deep Elf Hunter)                    Turns: 1526, Time: 00:00:39

Health: 0/25       AC:  5    Str: 10    XL:     4   Next: 37%
Magic:  6/6        EV: 12    Int: 14    God:
Gold:   80         SH:  0    Dex: 18    Spells: 3/3 levels left

rFire   . . .        Y - +0 shortbow
rCold   . . .        (shield currently unavailable)
rNeg    . . .        c - +0 leather armour
rPois   .            (no helmet)
rElec   .            g - +0 cloak
rCorr   .            j - +0 pair of gloves
SInv    .            (no boots)
Will    .....        (no amulet)
Stlth   ++           (no ring)
HPRegen 0.24/turn    (no ring)
MPRegen 0.10/turn

%: no passive effects
@: about to teleport
A: no striking features
a: no special abilities


You were in a sewer.
You visited 1 branch of the dungeon, and saw 3 of its levels.
You also visited: Sewer.

You collected 80 gold pieces.


   Skills:
 - Level 1.5 Fighting
 + Level 7.8 Ranged Weapons
 - Level 2.4 Dodging
 - Level 1.2 Stealth


You had 3 spell levels left.
You didn't know any spells.
Your spell library was empty.

Inventory:

Hand Weapons
 Y - a +0 shortbow (weapon)
Armour
 c - a +0 leather armour (worn)
 g - a +0 cloak (worn)
 j - a +0 pair of gloves (worn)
Scrolls
 a - a scroll of identify
 e - a scroll of teleportation
Potions
 h - a potion of curing {unknown}
 k - a potion of might {unknown}

Dungeon Overview and Level Annotations

Branches:
Dungeon (3/15)              Sewer (1/1)

Altars:

Annotations:
Sewer Pargi


Message History

Pargi completely misses you. Pargi barely misses you. Pargi closely misses you.
You shoot an arrow. The arrow hits Pargi!
Pargi is heavily wounded.
Pargi misses you. Pargi claws you. Pargi barely misses you.
You shoot an arrow. The arrow hits Pargi!
Pargi is severely wounded.
Pargi barely misses you. Pargi claws you but does no damage. x2
You shoot an arrow. The arrow closely misses Pargi.
Pargi bites you. Pargi barely misses you. Pargi closely misses you.
Pargi bites you but does no damage. Pargi claws you. x2
You shoot an arrow. The arrow hits Pargi.
Pargi is almost dead.
Pargi misses you. Pargi closely misses you. Pargi claws you but does no damage.
You shoot an arrow. The arrow closely misses Pargi.
Pargi barely misses you. x2; Pargi claws you but does no damage.
You shoot an arrow. The arrow hits Pargi.
Pargi is severely wounded.
Pargi bites you but does no damage. Pargi closely misses you. Pargi misses you.
You shoot an arrow. The arrow hits Pargi.
Pargi is severely wounded.
Pargi bites you. Pargi claws you but does no damage. Pargi barely misses you.
You shoot an arrow. The arrow hits Pargi.
Pargi is almost dead.
Pargi bites you but does no damage. Pargi barely misses you.
Pargi closely misses you.
You shoot an arrow. The arrow hits Pargi.
Pargi is almost dead.
Pargi bites you but does no damage. Pargi completely misses you.
Pargi closely misses you.
You shoot an arrow. The arrow completely misses Pargi.
Pargi bites you but does no damage. Pargi claws you but does no damage.
Pargi misses you.
You shoot an arrow. The arrow hits Pargi.
Pargi is almost dead.
Pargi bites you! Pargi claws you but does no damage. Pargi closely misses you.
1526 ||| READING 2 scrolls of teleportation.
As you read the scroll of teleportation, it crumbles to dust.
You feel strangely unstable. Pargi bites you. Pargi claws you.
You die...

..... ... ... ...
#.# ####### #!#
##.....## #T#
##...~...#
#@#######...~~~...
#..........~~~~~%\
#.#######...~~~...
#.# ##.%.~...# #.#
##.....## #%#
####### #.# #.#
#\#


You could see Pargi.

Vanquished Creatures
  Jessica (D:2)
  An adder (D:2)
  9 ball pythons
  12 bats
  7 endoplasms
  8 goblins (D:1)
  4 hobgoblins
  2 quokkas
  2 frilled lizards (D:2)
  3 kobolds
  5 rats (D:1)
54 creatures vanquished.

Notes
Turn   | Place    | Note
-------+----------+-------------------------------------------
     0 | D:1      | qw the Deep Elf Hunter began the quest for the Orb.
     0 | D:1      | Reached XP level 1. HP: 12/12 MP: 3/3
     0 | D:1      | 0 ||| qw: Version: 0.3-a-9-g12657ce
     0 | D:1      | 0 ||| qw: Game counter: 2409
     0 | D:1      | 0 ||| qw: Always use a shield: true
     0 | D:1      | 0 ||| qw: God list: Okawaru
     0 | D:1      | 0 ||| qw: Allow faded altars: false
     0 | D:1      | 0 ||| qw: Do Orc after D:15 true
     0 | D:1      | 0 ||| qw: Do second Lair branch before Depths: true
     0 | D:1      | 0 ||| qw: Lair rune preference: random
     0 | D:1      | 0 ||| qw: Plans: Normal
     0 | D:1      | 0 ||| PLANNING D:1-11
    69 | D:1      | HP: 1/12 [kobold/+0 whip (4)]
   124 | D:1      | Reached XP level 2. HP: 10/16 MP: 4/4
   165 | D:1      | Reached skill level 6 in Ranged Weapons
   644 | D:1      | Reached XP level 3. HP: 20/20 MP: 5/5
   873 | D:1      | 873 ||| UPGRADING to +0 cloak.
   878 | D:1      | 878 ||| DROPPING ring of flight.
   879 | D:1      | 879 ||| READING 3 scrolls labelled WITTANIATE.
   880 | D:1      | 880 ||| READING 3 scrolls labelled JIZEHU ITTUEC.
   883 | D:1      | 883 ||| DROPPING scroll of butterflies.
   959 | D:2      | Reached skill level 7 in Ranged Weapons
  1049 | D:2      | Noticed Jessica
  1053 | D:2      | Killed Jessica
  1054 | D:2      | Reached XP level 4. HP: 25/25 MP: 6/6
  1293 | D:2      | 1293 ||| UPGRADING to +0 pair of gloves.
  1298 | D:2      | 1298 ||| READING scroll labelled CEPNASUHOD.
  1299 | D:2      | 1299 ||| READING scroll labelled ELO ECSAUGGEIL.
  1400 | D:2      | 1400 ||| READING 3 scrolls of identify.
  1400 | D:2      | 1400 ||| IDENTIFYING metallic puce potion
  1401 | D:2      | 1401 ||| READING 2 scrolls of identify.
  1401 | D:2      | 1401 ||| IDENTIFYING inky potion
  1402 | D:2      | 1402 ||| DROPPING potion of ambrosia.
  1403 | D:2      | 1403 ||| DROPPING potion of invisibility.
  1441 | D:3      | 1441 ||| PLANNING SEWER
  1464 | D:3      | Found a glowing drain.
  1469 | Sewer    | Entered a sewer
  1502 | Sewer    | Noticed Pargi
  1525 | Sewer    | HP: 4/25 [Pargi (7)]
  1526 | Sewer    | 1526 ||| READING 2 scrolls of teleportation.
  1526 | Sewer    | HP: 1/25 [Pargi (4)]
  1526 | Sewer    | Slain by Pargi

Levels and vault maps discovered:
D:1:      dpeg_arrival_arbitrary_a, layout_basic, grunt_decor_one_mirror,
          minmay_pentomino_v4
D:2:      layout_rooms, uniq_jessica
D:3:      layout_basic, marbit_many_paths, portal_sewer_entry_e, uniq_ijyb
Sewer:    sewer_big_baddie

Skill      XL: |  1  2  3 |
---------------+----------+-----
Ranged Weapons | 6 7 |  7.8
Fighting       | |  1.5
Dodging        | |  2.4
Stealth        | |  1.2

Action                     |  1- 3 |  4- 6 || total
---------------------------+-------+-------++-------
   Fire: Shortbow          |   101 |    49 ||   150
    Use: Scroll            |     2 |     5 ||     7
 Armour: Leather armour    |     2 |    21 ||    23
  Dodge: Dodged            |    14 |    34 ||    48

Table legend:
 A = Non-vault XP
 B = Vault XP
 C = Vault XP percentage of total XP
 D = Non-vault monster count
 E = Vault monster count
 F = Vault count percentage of total count
                 A         B        C        D         E       F
            +---------+---------+-------+---------+---------+-------
      Total |      78 |      56 |  41.8 |      41 |      13 |  24.1
            +---------+---------+-------+---------+---------+-------
        D:1 |      47 |       7 |  13.0 |      29 |       5 |  14.7
        D:2 |      31 |      37 |  54.4 |      12 |       1 |   7.7
      Sewer |       0 |      12 | 100.0 |       0 |       7 | 100.0
            +---------+---------+-------+---------+---------+-------
